 Dungeon Crawl Stone Soup version 0.29-a0-323-g050149af67 (webtiles) character file.

Game seed: 9764701569073849314

1855 Jortsu the Grappler (level 8, 0/74 (78) HPs)
             Began as a Troll Fighter on Apr 12, 2022.
             Was an Initiate of Hepliaklqana.
             Slain by Maggie
             ... wielding a +2 morningstar of flaming
              (1 damage)
             ... on level 6 of the Dungeon.
             The game lasted 00:09:08 (4377 turns).

Jortsu the Grappler (Troll Fighter)                 Turns: 4377, Time: 00:09:09

HP:   0/74 (78)     AC:  0    Str: 25    XL:     8   Next: 89%
MP:   7/7           EV: 11    Int:  4    God:    Hepliaklqana [......]
Gold: 389           SH:  0    Dex: 11    Spells: 7/7 levels left

rFire   . . .      SeeInvis .   u - +0 giant spiked club
rCold   . . .      Faith    .   (shield currently unavailable)
rNeg    . . .      Spirit   .   a - +0 robe
rPois   +          Reflect  .   (helmet restricted)
rElec   .          Harm     .   (no cloak)
rCorr   .          Rampage  .   (gloves unavailable)
Will    .....                   (boots unavailable)
Stlth   ++........              p - amulet of regeneration
HPRegen 1.82/turn               d - ring of poison resistance
MPRegen 0.10/turn               (no ring)

@: corroded, mesmerised, drained
A: large, unfitting armour, claws 3, regeneration 1, shaggy fur 1, tough skin 1
a: Renounce Religion


You were on level 6 of the Dungeon.
You worshipped Hepliaklqana.
Hepliaklqana was noncommittal.
You visited 2 branches of the dungeon, and saw 7 of its levels.

You collected 389 gold pieces.

Inventory:

Hand Weapons
 u - a +0 giant spiked club (weapon)
Armour
 a - a +0 robe (worn)
 b - a +0 kite shield
Jewellery
 d - a ring of poison resistance (left claw)
 g - a ring of ice
 p - an amulet of regeneration (around neck)
Wands
 l - a wand of acid (23)
 r - a wand of polymorph (11)
Scrolls
 f - 3 scrolls of teleportation
 h - a scroll of vulnerability
 m - a scroll of amnesia
 o - 3 scrolls of fog
Potions
 c - a potion of might
 e - a potion of ambrosia
 i - a potion of attraction {unknown}
 j - 5 potions of curing
 k - a potion of haste {unknown}
 n - 2 potions of mutation {unknown}
 q - a potion of heal wounds {unknown}
 t - a potion of brilliance


   Skills:
 + Level 3.7 Fighting
 + Level 1.4 Maces & Flails
 + Level 5.0 Dodging
 + Level 1.2 Stealth
 + Level 4.5 Shields
 + Level 8.0 Unarmed Combat


You had 7 spell levels left.
You didn't know any spells.
Your spell library contained the following spells:

 Spells                   Type           Power      Damage    Failure   Level
 Sandblast                Erth           0%         2d4       50%         1
 Passwall                 Tmut/Erth      0%         N/A       65%         2
 Stone Arrow              Conj/Erth      0%         3d7       86%         3


Dungeon Overview and Level Annotations

Branches:
Dungeon (6/15)             Temple (1/1) D:5

Altars:
Ashenzari
Cheibriados
Dithmenos
Elyvilon
Fedhas
Gozag
Hepliaklqana
Makhleb
Nemelex Xobeh
Qazlal
Ru
Sif Muna
Trog
Uskayaw
Vehumet
Xom
Zin

Shops:
D:5 *

Annotations:
D:6 Edmund, Maggie


Innate Abilities, Weirdness & Mutations

You are too large for most types of armour.
You have claws for hands.
Your natural rate of healing is unusually fast.
You are covered in fur. (AC +1)
You have tough skin. (AC +1)


Message History

A jelly comes into view.
The bullfrog barely misses you.
The jelly quivers.
You impale the bullfrog!!
You kill the bullfrog!
Your Maces & Flails skill increases to level 1!
Maggie gestures wildly while chanting.
Maggie attempts to bespell you!
You are mesmerised by Maggie!
You cannot move away from Maggie!
You cannot move away from Maggie!
You hit Edmund but do no damage. The jelly hits you.
You are splashed with acid!
You closely miss Maggie. The jelly barely misses you.
Maggie hits you with a +2 morningstar of flaming!
Maggie burns you. Edmund barely misses you.
Maggie hits you with a +2 morningstar of flaming!
Maggie burns you. The jelly barely misses you. Edmund closely misses you.
You closely miss Maggie. The jelly misses you. Maggie closely misses you.
Edmund closely misses you. The jelly barely misses you.
Edmund barely misses you. Maggie closely misses you.
You closely miss Maggie. The jelly hits you. The acid corrodes you!
You are splashed with acid.
Maggie mumbles some strange words.
Maggie draws you further into her thrall.
Edmund hits you with a +0 flail of draining!
You feel drained. The jelly completely misses you. Edmund misses you.
Maggie hits you with a +2 morningstar of flaming!
Maggie burns you.
You barely miss Maggie. The jelly hits you. The acid corrodes you!
You are splashed with acid!
* * * LOW HITPOINT WARNING * * *
Edmund hits you with a +0 flail of draining.
* * * LOW HITPOINT WARNING * * *
You feel drained.
* * * LOW HITPOINT WARNING * * *
Maggie hits you with a +2 morningstar of flaming!
* * * LOW HITPOINT WARNING * * *
Maggie burns you.
You die...

###.##...#.......
#####.####.........
#.........#........
#.........#........
#.........#.......[
...........#......#
###.............#
#........†#.### >
...........@@# ####..
.#.........J@###......
#######.###.......#
#........)...#
#........?.....#
#...............
..............##
......./......#
..............#


You could see Maggie (mesmerising), Edmund and a jelly.

Vanquished Creatures
  2 water moccasins
  2 ice beasts (D:5)
  A sky beast (D:5)
  2 ogres (D:5)
  2 phantoms (D:4)
  2 bullfrogs (D:6)
  A necrophage (D:5)
  2 scorpions (D:4)
  3 hounds
  2 orc priests (D:5)
  A jelly (D:4)
  6 iguanas
  3 orc wizards
  5 gnolls
  13 adders
  5 river rats (D:5)
  A white imp (D:5)
  An ufetubus (D:4)
  2 worms
  4 dart slugs
  11 orcs
  4 ball pythons
  5 bats
  10 endoplasms
  7 giant cockroaches
  7 goblins
  5 hobgoblins
  7 jackals
  9 kobolds
  9 quokkas
  7 frilled lizards
  35 rats
176 creatures vanquished.

Notes
Turn   | Place    | Note
-------+----------+-------------------------------------------
     0 | D:1      | Jortsu the Troll Fighter began the quest for the Orb.
     0 | D:1      | Reached XP level 1. HP: 22/22 MP: 0/0
    20 | D:1      | Reached XP level 2. HP: 27/29 MP: 1/1
   257 | D:1      | Reached XP level 3. HP: 34/36 MP: 2/2
   829 | D:2      | Found a broken altar of Ashenzari.
   993 | D:2      | Reached XP level 4. HP: 44/44 MP: 3/3
  1217 | D:2      | Reached skill level 3 in Unarmed Combat
  1513 | D:3      | Reached XP level 5. HP: 13/52 MP: 4/4
  2151 | D:4      | Reached skill level 4 in Unarmed Combat
  2254 | D:4      | You fall into a shaft and drop 1 floor!
  2254 | D:5      | Entered Level 5 of the Dungeon
  2279 | D:5      | Noticed a sky beast
  2295 | D:5      | Reached XP level 6. HP: 12/59 MP: 5/5
  2613 | D:4      | Reached skill level 5 in Unarmed Combat
  2709 | D:4      | Reached XP level 7. HP: 67/67 MP: 6/6
  3475 | D:4      | Reached skill level 6 in Unarmed Combat
  3539 | D:4      | Reached XP level 8. HP: 75/75 MP: 7/7
  3661 | D:5      | Reached skill level 1 in Stealth
  3869 | D:5      | Reached skill level 7 in Unarmed Combat
  3876 | D:5      | Found a staircase to the Ecumenical Temple.
  3882 | Temple   | Entered the Ecumenical Temple
  4074 | Temple   | Became a worshipper of Hepliaklqana the Forgotten
  4177 | D:5      | Reached skill level 5 in Dodging
  4241 | D:5      | Found Niklyirph's CLEARANCE SALE!.
  4357 | D:6      | Reached skill level 8 in Unarmed Combat
  4362 | D:6      | Noticed Edmund
  4365 | D:6      | Noticed Maggie
  4368 | D:6      | Reached skill level 1 in Maces & Flails
  4377 | D:6      | HP: 1/74 [Maggie/+2 morningstar of flaming (10)]
  4377 | D:6      | Slain by Maggie

Illustrated notes

Levels and vault maps discovered:
D:1:      dpeg_arrival_rooms_a, layout_loops_ring
D:2:      minmay_general_purpose_star, layout_rooms, basic_altar,
          basic_ecumenical_altar, palyth_stone_intersect
D:3:      layout_basic, minmay_rat_hole
D:4:      minmay_thinvault, layout_loops_ring
D:5:      lemuel_ratsnest, layout_cave_pools,
          minmay_temple_entry_gardened_gates, nicolae_shop_clearance
D:6:      layout_rooms, lightli_sewer_entry_pipes, sigmund_army, uniq_edmund,
          uniq_crazy_yiuf_cottage, uniq_maggie
Temple:   eino_temple_scatter_basement

Skill      XL: |  1  2  3  4  5  6  7  8 |
---------------+-------------------------+-----
Dodging        | 3 4 5 |  5.0
Shields        | 3 4 |  4.5
Unarmed Combat | 3 4 5 6 8 |  8.0
Fighting       | 3 |  3.7
Stealth        | 1 |  1.2
Maces & Flails | 1 |  1.4

Action                   |  1- 3 |  4- 6 |  7- 9 || total
-------------------------+-------+-------+-------++-------
Melee: Unarmed           |   118 |   197 |   189 ||   504
       Giant spiked club |       |       |    19 ||    19
       Giant club        |       |       |    15 ||    15
  Use: Scroll            |     4 |     4 |     4 ||    12
 Stab: Sleeping          |     1 |     1 |     2 ||     4
Armor: Robe              |    45 |    48 |    56 ||   149
Dodge: Dodged            |    58 |    67 |    95 ||   220
Block: Kite shield       |    44 |    61 |    75 ||   180

Table legend: (Time is in decaauts)
 A = Elapsed time spent in this place.
 B = Non-inter-level travel time spent in this place.
 C = Inter-level travel time spent in this place.
 D = Time resting spent in this place.
 E = Time spent auto-exploring this place.
 F = Levels seen in this place.
 G = Mean time per level.
                   A        B        C        D        E       F      G
               +--------+--------+--------+--------+--------+-----+--------+
         Total |   4428 |   4284 |    144 |    324 |   2493 |   7 |  632.6 |
       Dungeon |   4227 |   4091 |    136 |    324 |   2348 |   6 |  704.5 |
        Temple |    201 |    193 |      8 |      0 |    145 |   1 |  201.0 |
               +--------+--------+--------+--------+--------+-----+--------+

Top non-repeatable levels by time:
     D:4: 1229 daAuts
     D:3: 808 daAuts
     D:5: 764 daAuts
     D:1: 751 daAuts
     D:2: 601 daAuts
  Temple: 201 daAuts
     D:6: 71 daAuts
